 Dungeon Sprint DCSS version 0.18-a0-119-g02a7081 (webtiles) character file.

10304 Kidiri the Unseen (level 11, -4/58 HPs)
             Began as a Spriggan Enchanter on Nov 19, 2015.
             Was the Champion of Dithmenos.
             Slain by a golden dragon (26 damage)
             ... in the Dungeon (Sprint I: "Red Sonja").
             The game lasted 00:16:49 (2144 turns).

Kidiri the Unseen (Spriggan Enchanter)              Turns: 2144, Time: 00:16:49

Health: -4/58      AC:  7    Str:  8    XL:     11   Next: 34%
Magic:  16/28      EV: 32    Int: 23    God:    Dithmenos [******]
Gold:   846        SH:  0    Dex: 19    Spells: 10 memorised, 3 levels left

rFire  + . .     SeeInvis +     m - +0 short sword (drain)
rCold  x . .     Clarity  .     b - +1 robe
rNeg   . . .     SustAt   .     (shield restricted)
rPois  .         Gourm    .     c - +2 hat of Gioluira {*Drain Int+5}
rElec  .         Spirit   .     p - +1 cloak
rCorr  .         Warding  .     (gloves unavailable)
rMut   .         NoTele   +     (boots unavailable)
MR     ++...                    (no amulet)
Stlth  ++++++++++               n - ring of Activism {rF+ rC- MR+ Str+4 SInv}
                                t - ring of flight

@: lethally poisoned (-4 -> -12), wreathed by umbra, very quick, very resistant
to hostile enchantments, uncannily stealthy
A: unfitting armour, see invisible, herbivore 3, speed 3, slow metabolism 2
a: Shadow Step, Shadow Form, Renounce Religion, Evoke Flight


You were in the Dungeon.
You worshipped Dithmenos.
Dithmenos was exalted by your worship.
You were not hungry.

You visited 1 branch You collected 2114 gold pieces.
You spent 1268 gold pieces at shops.

Inventory:

Hand Weapons
 m - a +0 short sword of draining (weapon)
Armour
 b - a +1 robe (worn)
 c - the +2 hat of Gioluira (worn) {*Drain Int+5}
   (You found it in the Dungeon)

   It affects your intelligence (+5).
   It causes draining when unequipped.
 p - a +1 cloak (worn)
Jewellery
 n - the ring of Activism (right hand) {rF+ rC- MR+ Str+4 SInv}
   (You bought it in a shop in the Dungeon)

   [ring of protection from fire]

   It affects your strength (+4).
   It protects you from fire.
   It makes you vulnerable to cold.
   It affects your resistance to hostile enchantments.
   It lets you see invisible.
 o - an uncursed ring of protection from cold
 t - a ring of flight (left hand)
Wands
 k - a wand of hasting (7)
 l - a wand of confusion (14)
 u - a wand of confusion (16)
Scrolls
 a - a scroll of remove curse
 j - 2 scrolls of blinking
 v - a scroll of recharging {unknown}
Potions
 e - 3 potions of curing
 g - a potion of haste
 h - 4 potions of magic
 i - a potion of berserk rage
 s - 2 potions of agility {unknown}
Books
 r - a book of Burglary

   Spells                             Type                      Level
   a - Swiftness                      Charms/Air                   2
   b - Passwall                       Transmutation/Earth          3
   c - Passage of Golubria            Translocation                4
   d - Lee's Rapid Deconstruction     Earth                        5
   e - Darkness                       Hexes                        6
   f - Invisibility                   Hexes                        6
Comestibles
 d - a bread ration
 q - a slice of pizza


   Skills:
 + Level 6.4 Fighting
 * Level 11.9 Short Blades
 + Level 5.7 Armour
 * Level 14.8 Dodging
 * Level 16.2 Stealth
 * Level 12.8 Spellcasting
 + Level 5.3 Conjurations
 + Level 10.0 Hexes
 + Level 3.7 Charms
 + Level 3.9 Translocations
 + Level 3.8 Transmutations
 + Level 6.2 Ice Magic
 + Level 2.4 Air Magic
 + Level 2.4 Earth Magic
 - Level 5.9 Invocations


You had 3 spell levels left.
You knew the following spells:

 Your Spells              Type           Power        Failure   Level  Hunger
a - Corona                Hex            ######.      1%          1    None
b - Ensorcelled Hibernat  Hex/Ice        ######       1%          2    None
c - Confuse               Hex            ######..     1%          3    None
d - Tukima's Dance        Hex            ######..     1%          3    None
e - Dazzling Spray        Conj/Hex       ######..     1%          3    None
f - Swiftness             Chrm/Air       ####....     1%          2    None
g - Passwall              Trmt/Erth      ####......   4%          3    None
h - Passage of Golubria   Tloc           N/A          10%         4    None
i - Lee's Rapid Deconstr  Erth           ####......   45%         5    ###....
j - Invisibility          Hex            ######..     12%         6    #####..


Dungeon Overview and Level Annotations

Branches:
Dungeon (1/1)

Altars:
Cheibriados
Dithmenos
Elyvilon
Fedhas
Gozag
Kikubaaqudgha
Makhleb
Nemelex Xobeh
Okawaru
Qazlal
Ru
Sif Muna
Trog
Vehumet
Xom
Yredelemnul
Zin
The Shining One
Jiyva

Shops:
D ((*=*(***[:!(*=[[


Innate Abilities, Weirdness & Mutations

You are tiny and cannot use many weapons and most armour.
You have supernaturally acute eyesight.
You are a herbivore.
You cover ground extremely quickly.
You need consume almost no food.


Message History

The golden dragon is moderately wounded.
The spray of energy hits the shadow dragon.
The shadow dragon is moderately wounded.
The shadow dragon misses you. The shadow dragon barely misses you.
The shadow dragon completely misses you.
The golden dragon completely misses you.
The golden dragon barely misses you. x2
Unknown command.
You catch the helpless shadow dragon completely off-guard!
You impale the shadow dragon!!
The shadow dragon is heavily wounded.
Unknown command.
You hit the shadow dragon but do no damage.
The shadow dragon is heavily wounded.
The golden dragon breathes poison at you.
The blast of poison engulfs you!
You are poisoned.
Unknown command.
You feel sick. The golden dragon bites you!!
You die...

###+#,,,**,,#§§§§§#,,,*,,,,*
*,*,**,,,*,,##§§§§#,∩,*,,,,*
***,,***,*,,≈###+##,,,*,,,,*
,,**,*,*,*,,≈,,#.####+#,,,,*
,,*,,***,*,,≈,##§#.§§§##,,,*
+**,**,,,*,,≈##..§.§§..#*,,*
***,,*+***,,≈#..§§§§§.§§#,,*
,***,,,*,≈,,##§§§.D§§.§.##,*
,*,***,*,≈,,#..§@§§)§§...#,*
,,,,,*,***,,#.§§§D§......#,*
,,,,,*,*,+,,##§§§§§^....##,*
,,****+*,**+*#§§§§§$$$$$#,,*
***,,,,*,*≈≈≈##$$$$$$$$##,,*
*,,,****,*≈≈≈≈##$??!$%##,,,*
,,***,,,,*≈≈≈≈≈########,,,,*
***,,,,****≈≈≈≈*≈≈≈≈≈*,,,,,*
,,,,,,,*,,*+≈≈≈+≈≈,≈≈+,,,,,*


You could see a shadow dragon (blind) and a golden dragon.

Vanquished Creatures
  A hydra (D)
  2 centaur warriors (D)
  Sonja (D)
  A deep troll (D)
  2 unseen horrors (D)
  A lindwurm (D)
  An oklob plant (D)
  2 kobold demonologists (D)
  4 demonic crawlers (D)
  A slime creature (D)
  Sigmund (D)
  A yak (D)
  13 hogs (D)
  4 trapdoor spiders (D)
  7 necrophages (D)
  An ogre (D)
  A wasp (D)
  8 jellies (D)
  Ijyb (D)
  3 giant eyeballs (D)
  5 ballistomycetes (D)
  A giant spore (D)
62 creatures vanquished.

Vanquished Creatures (others)
  A gargoyle (D)
  A giant spore (D)
2 creatures vanquished.

Grand Total: 64 creatures vanquished

Notes
Turn   | Place    | Note
--------------------------------------------------------------
     0 | D        | Kidiri the Spriggan Enchanter began the quest for the Orb.
     0 | D        | Reached XP level 1. HP: 9/9 MP: 5/5
     6 | D        | Noticed Ijyb
    21 | D        | Killed Ijyb
    21 | D        | Reached skill level 1 in Fighting
    21 | D        | Reached skill level 1 in Armour
    21 | D        | Reached skill level 5 in Stealth
    21 | D        | Reached XP level 2. HP: 7/14 MP: 6/8
   131 | D        | Killed a gargoyle
   186 | D        | Learned a level 2 spell: Ensorcelled Hibernation
   188 | D        | Noticed an ogre
   190 | D        | Killed an ogre
   190 | D        | Reached skill level 6 in Dodging
   190 | D        | Reached skill level 7 in Stealth
   190 | D        | Reached skill level 5 in Spellcasting
   190 | D        | Reached skill level 1 in Ice Magic
   190 | D        | Reached XP level 3. HP: 16/18 MP: 8/10
   190 | D        | Reached XP level 4. HP: 20/23 MP: 9/12
   195 | D        | Learned a level 3 spell: Confuse
   199 | D        | Learned a level 3 spell: Dazzling Spray
   203 | D        | Learned a level 3 spell: Tukima's Dance
   235 | D        | Noticed Sigmund
   237 | D        | Killed Sigmund
   237 | D        | Reached skill level 5 in Short Blades
   237 | D        | Reached skill level 9 in Stealth
   237 | D        | Reached skill level 1 in Conjurations
   237 | D        | Reached skill level 5 in Hexes
   237 | D        | Reached XP level 5. HP: 27/27 MP: 13/15
   237 | D        | Reached XP level 6. HP: 32/32 MP: 13/16
   269 | D        | Found a snail-covered altar of Cheibriados.
   269 | D        | Found a viscous altar of Jiyva.
   269 | D        | Found a shadowy altar of Dithmenos.
   269 | D        | Found a blossoming altar of Fedhas.
   269 | D        | Noticed a slime creature
   278 | D        | Killed a slime creature
   278 | D        | Reached skill level 10 in Stealth
   280 | D        | Became a worshipper of Dithmenos the Shadowed
   305 | D        | Found a deep blue altar of Sif Muna.
   307 | D        | Found a radiant altar of Vehumet.
   344 | D        | Found Otaam's Antique Weapon Emporium.
   344 | D        | Found a white marble altar of Elyvilon.
   344 | D        | Found a stormy altar of Qazlal.
   344 | D        | Found a burning altar of Makhleb.
   344 | D        | Found a sacrificial altar of Ru.
   344 | D        | Found a basalt altar of Yredelemnul.
   344 | D        | Found a glowing golden altar of the Shining One.
   344 | D        | Found a sparkling altar of Nemelex Xobeh.
   344 | D        | Found a shimmering altar of Xom.
   344 | D        | Found an opulent altar of Gozag.
   344 | D        | Found an ancient bone altar of Kikubaaqudgha.
   344 | D        | Found a glowing silver altar of Zin.
   344 | D        | Noticed a yak
   345 | D        | Found an iron altar of Okawaru.
   346 | D        | Killed a yak
   346 | D        | Reached skill level 1 in Invocations
   346 | D        | Reached XP level 7. HP: 36/36 MP: 17/19
   347 | D        | Found a bloodstained altar of Trog.
   363 | D        | Noticed Sonja
   367 | D        | Killed Sonja
   367 | D        | Reached * piety under Dithmenos
   367 | D        | Reached skill level 10 in Dodging
   367 | D        | Reached skill level 11 in Stealth
   367 | D        | Reached XP level 8. HP: 40/42 MP: 20/22
   384 | D        | Found Ywanoran's Weapon Boutique.
   507 | D        | Noticed a deep troll
   511 | D        | Killed a deep troll
   511 | D        | Reached skill level 12 in Stealth
   522 | D        | Found Gauppaom's Armour Emporium.
   552 | D        | Noticed a centaur warrior
   552 | D        | Noticed a centaur warrior
   555 | D        | Killed a centaur warrior
   555 | D        | Reached skill level 13 in Stealth
   555 | D        | Reached skill level 10 in Spellcasting
   555 | D        | Reached XP level 9. HP: 46/46 MP: 22/24
   557 | D        | Killed a centaur warrior
   557 | D        | Reached ** piety under Dithmenos
   557 | D        | Reached skill level 5 in Fighting
   586 | D        | Noticed an oklob plant
   588 | D        | Killed an oklob plant
   588 | D        | Reached skill level 14 in Stealth
   607 | D        | Reached skill level 10 in Short Blades
   812 | D        | Reached *** piety under Dithmenos
   812 | D        | Reached skill level 5 in Ice Magic
   812 | D        | Reached XP level 10. HP: 37/51 MP: 19/26
   922 | D        | Noticed an unseen horror
   923 | D        | Noticed an unseen horror
   932 | D        | Killed an unseen horror
   932 | D        | Reached skill level 5 in Armour
   932 | D        | Reached skill level 5 in Invocations
   934 | D        | Killed an unseen horror
   959 | D        | Reached **** piety under Dithmenos
   967 | D        | Reached ***** piety under Dithmenos
  1032 | D        | Reached skill level 15 in Stealth
  1061 | D        | Got a brightly glowing hat
  1067 | D        | Identified the +2 hat of Gioluira {*Drain Int+5} (You found it in the Dungeon)
  1103 | D        | Found Liys's Jewellery Shoppe.
  1103 | D        | Found Zudita's General Store.
  1103 | D        | Found Luempise's Assorted Antiques.
  1105 | D        | Found Puhusass's Antique Weapon Emporium.
  1105 | D        | Found Fillucwu's Assorted Antiques.
  1105 | D        | Found Wiom's General Store.
  1105 | D        | Found Wauqazy's Assorted Antiques.
  1105 | D        | Found Voomp's Armour Emporium.
  1105 | D        | Found Diliet's Book Shop.
  1105 | D        | Found Ehiosogh's Distillery.
  1107 | D        | Bought a scroll of identify for 24 gold pieces
  1107 | D        | Bought a scroll of blinking for 90 gold pieces
  1107 | D        | Bought a scroll of identify for 24 gold pieces
  1112 | D        | Found Gigoyfigre's Weapon Boutique.
  1113 | D        | Found Duocofuq's Jewellery Emporium.
  1113 | D        | Found Teozxyth's Assorted Antiques.
  1114 | D        | Found Xiqughar's Antique Armour Emporium.
  1116 | D        | Bought a clouded brass ring for 80 gold pieces
  1116 | D        | Identified the ring of Activism {rF+ rC- MR+ Str+4 SInv} (You bought it in a shop in the Dungeon)
  1553 | D        | Bought a book of Burglary for 1050 gold pieces
  1556 | D        | Learned a level 2 spell: Swiftness
  1560 | D        | Learned a level 3 spell: Passwall
  1565 | D        | Learned a level 4 spell: Passage of Golubria
  1571 | D        | Learned a level 5 spell: Lee's Rapid Deconstruction
  1578 | D        | Learned a level 6 spell: Invisibility
  1651 | D        | Reached skill level 1 in Charms
  1651 | D        | Reached skill level 1 in Translocations
  1651 | D        | Reached skill level 1 in Transmutations
  1667 | D        | Reached skill level 5 in Conjurations
  1667 | D        | Reached skill level 1 in Air Magic
  1667 | D        | Reached skill level 1 in Earth Magic
  1908 | D        | Noticed a lindwurm
  1910 | D        | Killed a lindwurm
  1910 | D        | Reached ****** piety under Dithmenos
  1910 | D        | Reached XP level 11. HP: 56/56 MP: 28/28
  1954 | D        | Reached skill level 16 in Stealth
  2056 | D        | Noticed a 12-headed hydra
  2057 | D        | Paralysed by a giant eyeball for 4 turns
  2062 | D        | Killed a 12-headed hydra
  2062 | D        | Reached skill level 10 in Hexes
  2135 | D        | Noticed a golden dragon
  2136 | D        | Noticed a shadow dragon
  2144 | D        | Slain by a golden dragon

Vault maps used:
D:        dungeon_sprint_1

Action                   |  1- 3 |  4- 6 |  7- 9 | 10-12 || total
-------------------------+-------+-------+-------+-------++-------
Melee: Dagger            |    14 |     9 |     1 |       ||    24
       Short sword       |       |       |     9 |   105 ||   114
 Fire: Shortbow          |       |       |       |     2 ||     2
 Cast: Corona            |     1 |       |       |       ||     1
       Dazzling Spray    |       |     1 |     3 |    15 ||    19
       Ensorcelled Hiber |       |       |     4 |    11 ||    15
       Confuse           |       |       |     2 |     6 ||     8
       Passwall          |       |       |       |     3 ||     3
       Invisibility      |       |       |       |     1 ||     1
Invok: Shadow Step       |       |       |       |     2 ||     2
  Use: Scroll            |       |       |       |     3 ||     3
       Potion            |       |       |       |     2 ||     2
 Stab: Sleeping          |     2 |     4 |     7 |    34 ||    47
       Confused          |       |       |     2 |     4 ||     6
       Invisible         |       |       |       |     8 ||     8
